 Dungeon Sprint DCSS version 0.30-a0-800-g7c544603b3 (webtiles) character file.

Game seed: 8922203560275756734

14447 rocky1 the Bludgeoner (level 11, 0/111 HPs)
             Began as a Minotaur Gladiator on Feb 23, 2023.
             Was an Initiate of Gozag.
             Slain by an orc knight
             ... wielding a +0 antimagic halberd
              (32 damage)
             ... in the Dungeon (Sprint IX: "|||||||||||||||||||||||||||||").
             The game lasted 00:04:52 (2117 turns).

rocky1 the Bludgeoner (Minotaur Gladiator)          Turns: 2117, Time: 00:04:52

Health: 0/111      AC: 19    Str: 24    XL:     11   Next: 88%
Magic:  10/10      EV: 12    Int: 10    God:    Gozag
Gold:   6124       SH:  0    Dex: 12    Spells: 10/10 levels left

rFire   . . .      SeeInvis .    p - +4 quarterstaff (speed)
rCold   . . .      Faith    .    (shield currently unavailable)
rNeg    . . .      Spirit   .    s - +0 plate armour
rPois   .          Reflect  .    c - +0 hat
rElec   .          Harm     .    d - +0 cloak
rCorr   .          Rampage  .    r - +0 pair of gloves
Will    .....      NoTele   +    (no boots) Stlth
                                 (no amulet)
HPRegen 0.38/turn                u - +3 ring of strength
MPRegen 0.12/turn                t - +3 ring of intelligence

@: gold aura
A: horns 2, retaliatory headbutt
a: Renounce Religion, Potion Petition, Call Merchant, Bribe Branch


You were in the Dungeon.
You worshipped Gozag.
Gozag was greatly pleased with you.
You visited 1 branch You collected 6808 gold pieces.
You paid 684 gold pieces to Gozag.

Inventory:

Hand Weapons
 a - a +0 flail
 o - a +2 morningstar of protection
 p - a +4 quarterstaff of speed (weapon)
 q - a +1 heavy broad axe
Missiles
 e - a javelin (quivered)
Armour
 b - a +0 leather armour
 c - a +0 hat (worn)
 d - a +0 cloak (worn)
 r - a +0 pair of gloves (worn)
 s - a +0 plate armour (worn)
Jewellery
 t - a +3 ring of intelligence (right hand)
 u - a +3 ring of strength (left hand)
Wands
 n - a wand of roots (10)
 v - a wand of digging (5)
Scrolls
 k - 2 scrolls of blinking
 m - 2 scrolls of amnesia
 w - 3 scrolls of enchant armour
 x - a scroll of fear
 y - a scroll of fog
 z - 2 scrolls of identify
 A - 2 scrolls of enchant weapon
Potions
 f - 8 potions of curing
 g - a potion of invisibility
 h - 2 potions of haste
 i - 4 potions of magic
 j - a potion of berserk rage
 l - a potion of brilliance
Miscellaneous
 B - a phantom mirror


   Skills:
 + Level 14.3 Fighting
 + Level 13.1(18.0) Axes
 * Level 19.9(22.4) Maces & Flails
 + Level 13.0(17.9) Staves
 - Level 2.2 Throwing
 + Level 13.9 Armour
 + Level 13.7 Dodging


You had 10 spell levels left.
You didn't know any spells.
Your spell library was empty.

Dungeon Overview and Level Annotations

Branches:
Dungeon (1/1)

Altars:
Cheibriados
Dithmenos
Elyvilon
Fedhas
Gozag
Hepliaklqana
Kikubaaqudgha
Makhleb
Nemelex Xobeh
Okawaru
Qazlal
Ru
Sif Muna
Trog
Uskayaw
Vehumet
Wu Jian
Xom
Yredelemnul
Zin
The Shining One
Jiyva
Lugonu

Shops:
D ?:


Innate Abilities, Weirdness & Mutations

You have a pair of horns on your head.
You reflexively headbutt those who attack you in melee.


Message History

The orc knight is heavily wounded.
You sock the orc knight!
The orc knight is severely wounded.
You hit the orc knight. You headbutt the orc knight.
The orc knight is severely wounded.
The orc knight roars a battlecry!
The orcs go into a battle-frenzy!
The orc knight roars a battlecry!
The orc knight goes into a battle-frenzy!
The orc knight hits you with a +0 great mace!!
You sock the orc knight!
You kill the orc knight!
Your base Staves skill increases to level 13!
Found Zucrid's Magic Scroll Shop.
The orc knight hits you with a +0 dire flail!
Things that are here:
104 gold pieces; a +0 great mace; a +0 plate armour You sock the orc knight!
The orc knight is lightly wounded.
You sock the orc knight!
The orc knight is moderately wounded.
The orc knight hits you but does no damage.
You hit the orc knight but do no damage.
You headbutt the orc knight, but do no damage.
The orc knight is moderately wounded.
You barely miss the orc knight.
The orc knight is moderately wounded.
The orc knight hits you from afar with a +0 antimagic halberd.
The orc knight hits you with a +0 dire flail!
* * * LOW HITPOINT WARNING * * *
You sock the orc knight! Your headbutt misses the orc knight.
The orc knight is heavily wounded.
You barely miss the orc knight.
The orc knight is heavily wounded.
You barely miss the orc knight. Your headbutt misses the orc knight.
The orc knight is heavily wounded.
The orc knight hits you but does no damage.
The orc knight hits you from afar with a +0 antimagic halberd!!
You die...
Your body crumbles into a pile of gold. ▓▓▓▓▓▓▓▓▓▓▓▓▓▓▓▓▓▓▓▓▓▓▓▓ $$$$$

$ $∩.ooooo@'..))))).))))'.)
▓▓▓▓▓▓▓▓▓▓▓▓▓▓▓▓▓▓▓▓▓▓▓▓▓▓▓▓▓▓▓▓▓
............)....................
▓▓▓▓▓▓▓▓▓▓▓▓▓▓▓▓▓▓▓▓▓▓▓▓▓▓▓▓▓▓▓▓▓
[..'...)........'.........'......
▓▓▓▓▓▓▓▓▓▓▓▓▓▓▓▓▓▓▓▓▓▓▓▓▓▓▓▓▓▓▓▓▓
.................................
▓▓▓▓▓▓▓▓▓▓▓▓▓▓▓▓▓▓▓▓▓▓▓▓▓▓▓▓▓▓▓▓▓
...).))...[..)..'________________


You could see 2 orc knights and 3 orc warriors.

Vanquished Creatures
  A hydra (D)
  A centaur warrior (D)
  A two-headed ogre (D)
  6 death yaks (D)
  A skyshark (D)
  3 orc knights (D)
  An orc sorcerer (D)
  2 ugly things (D)
  Maurice (D)
  3 cane toads (D)
  A kobold demonologist (D)
  5 komodo dragons (D)
  A polar bear (D)
  A hornet (shapeshifter) (D)
  2 blink frogs (D)
  A shadow (D)
  3 yaks (D)
  2 wraiths (D)
  4 water moccasins (D)
  10 orc warriors (D)
  A centaur (D)
  A necrophage (D)
  A scorpion (D)
  A bullfrog (D)
  5 orc priests (D)
  An iguana (D)
  3 orc wizards (D)
  A gnoll (D)
  A dart slug (D)
  5 orcs (D)
  A bat (D)
  An endoplasm (D)
  2 goblins (D)
  A quokka (D)
75 creatures vanquished.

Notes
Turn   | Place    | Note
-------+----------+-------------------------------------------
     0 | D        | rocky1 the Minotaur Gladiator began the quest for the Orb.
     0 | D        | Reached XP level 1. HP: 18/18 MP: 0/0
     8 | D        | Reached skill level 4 in Maces & Flails
    28 | D        | Noticed an iguana
    28 | D        | Noticed a necrophage
    28 | D        | Noticed a scorpion
    40 | D        | Killed a scorpion
    41 | D        | Reached skill level 6 in Maces & Flails
    41 | D        | Reached skill level 5 in Dodging
    41 | D        | Reached XP level 2. HP: 15/28 MP: 1/1
    41 | D        | Reached XP level 3. HP: 19/34 MP: 2/2
    41 | D        | Reached XP level 4. HP: 22/41 MP: 3/3
    42 | D        | Reached skill level 7 in Maces & Flails
    55 | D        | Killed a necrophage
    56 | D        | Reached skill level 5 in Fighting
    56 | D        | Reached skill level 8 in Maces & Flails
    56 | D        | Reached XP level 5. HP: 35/50 MP: 4/4
    59 | D        | Reached skill level 9 in Maces & Flails
    59 | D        | Reached skill level 5 in Armour
   276 | D        | Found a snail-covered altar of Cheibriados.
   276 | D        | Found a shadowy altar of Dithmenos.
   276 | D        | Found a white marble altar of Elyvilon.
   276 | D        | Found a blossoming altar of Fedhas.
   276 | D        | Found an opulent altar of Gozag.
   277 | D        | Found a hazy altar of Hepliaklqana.
   278 | D        | Found a viscous altar of Jiyva.
   279 | D        | Found an ancient bone altar of Kikubaaqudgha.
   280 | D        | Found a corrupted altar of Lugonu.
   281 | D        | Found a burning altar of Makhleb.
   282 | D        | Found a sparkling altar of Nemelex Xobeh.
   283 | D        | Found an iron altar of Okawaru.
   284 | D        | Became a worshipper of Gozag Ym Sagoz the Greedy
   285 | D        | Found a stormy altar of Qazlal.
   286 | D        | Found a sacrificial altar of Ru.
   287 | D        | Found a shimmering blue altar of Sif Muna.
   288 | D        | Found a bloodstained altar of Trog.
   289 | D        | Found a hide-covered altar of Uskayaw.
   290 | D        | Found a radiant altar of Vehumet.
   291 | D        | Found an ornate altar of the Wu Jian Council.
   292 | D        | Found a shimmering altar of Xom.
   293 | D        | Found a basalt altar of Yredelemnul.
   294 | D        | Found a glowing silver altar of Zin.
   295 | D        | Found a glowing golden altar of the Shining One.
   339 | D        | Noticed a wraith
   339 | D        | Noticed a wraith
   339 | D        | Noticed a centaur
   339 | D        | Noticed a shadow
   339 | D        | Noticed a kobold demonologist
   347 | D        | Killed a kobold demonologist
   348 | D        | Reached skill level 11 in Maces & Flails
   348 | D        | Reached XP level 6. HP: 60/60 MP: 5/5
   353 | D        | Killed a shadow
   354 | D        | Reached XP level 7. HP: 67/67 MP: 6/6
   356 | D        | Reached skill level 5 in Axes
   356 | D        | Reached skill level 5 in Staves
   361 | D        | Killed a wraith
   362 | D        | Reached skill level 12 in Maces & Flails
   377 | D        | Killed a wraith
   378 | D        | Reached XP level 8. HP: 74/75 MP: 7/7
   497 | D        | Noticed a two-headed ogre
   497 | D        | Noticed a centaur warrior
   497 | D        | Noticed a six-headed hydra
   497 | D        | Noticed a green ugly thing
   497 | D        | Noticed a white ugly thing
   507 | D        | Killed a green ugly thing
   508 | D        | Reached skill level 13 in Maces & Flails
   515 | D        | Killed a purple ugly thing
   523 | D        | Killed a six-headed hydra
   524 | D        | Reached skill level 10 in Fighting
   524 | D        | Reached skill level 14 in Maces & Flails
   524 | D        | Reached skill level 10 in Dodging
   524 | D        | Reached XP level 9. HP: 27/85 MP: 8/8
   531 | D        | Killed a centaur warrior
   532 | D        | Reached skill level 15 in Maces & Flails
   532 | D        | Reached skill level 10 in Armour
   542 | D        | Killed a two-headed ogre
   873 | D        | Noticed a cane toad
   873 | D        | Noticed a komodo dragon
   877 | D        | Killed a komodo dragon
   878 | D        | Reached XP level 10. HP: 86/96 MP: 9/9
   886 | D        | Killed a cane toad
   887 | D        | Reached skill level 16 in Maces & Flails
   895 | D        | Reached skill level 10 in Axes
   905 | D        | Reached skill level 10 in Staves
   978 | D        | Noticed a cane toad
   978 | D        | Noticed a cane toad
   980 | D        | Noticed a skyshark
   989 | D        | Killed a cane toad
  1005 | D        | Reached skill level 17 in Maces & Flails
  1015 | D        | Killed a cane toad
  1120 | D        | Killed a skyshark
  1164 | D        | Noticed a death yak
  1164 | D        | Noticed a death yak
  1164 | D        | Noticed a death yak
  1164 | D        | Noticed a death yak
  1164 | D        | Noticed a death yak
  1175 | D        | Noticed a death yak
  1175 | D        | Killed a death yak
  1176 | D        | Reached skill level 18 in Maces & Flails
  1176 | D        | Reached XP level 11. HP: 94/106 MP: 10/10
  1192 | D        | Killed a death yak
  1202 | D        | Killed a death yak
  1214 | D        | Killed a death yak
  1232 | D        | Killed a death yak
  1242 | D        | Killed a death yak
  1251 | D        | Reached skill level 19 in Maces & Flails
  1502 | D        | Noticed Maurice
  1518 | D        | Killed Maurice
  1582 | D        | Noticed an orc knight
  1606 | D        | Killed an orc knight
  1819 | D        | Noticed an orc sorcerer
  1828 | D        | Noticed an orc knight
  1834 | D        | Killed an orc sorcerer
  1866 | D        | Killed an orc knight
  2099 | D        | Found Bimp's Book Boutique.
  2099 | D        | Noticed an orc knight
  2099 | D        | Noticed an orc knight
  2099 | D        | Noticed an orc knight
  2109 | D        | Killed an orc knight
  2110 | D        | Found Zucrid's Magic Scroll Shop.
  2117 | D        | Slain by an orc knight

Illustrated notes

Levels and vault maps discovered:
D:        linesprint [early_d, line_temple, items_1, d_10, items_2, lair_1,
          lair_end, items_3, orc_1, orc_end, items_4, d_15, swamp_1, shoals_1,
          snake_1, spider_1, d_20, vaults_1, items_5, swamp_end, shoals_end,
          snake_end, spider_end, vaults_end, d_27, items_6, zot_1, zot_end,
          crypt_end, forest_end, elf_end, slime_end, tomb_end, abyss_end,
          pan_hell_end]

Skill      XL: |  1  2  3  4  5  6  7  8  9 10 11 |
---------------+----------------------------------+-----
Maces & Flails | 6 8 11 12 14 15 18 19 | 19.9
Dodging        | 5 6 7 8 10 11 12 13 | 13.7
Fighting       | 4 5 7 8 10 11 12 14 | 14.3
Armour         | 3 4 6 7 8 9 10 12 13 | 13.9
Axes           | 4 6 8 9 11 13 | 13.1
Staves         | 4 6 8 9 11 13 | 13.0
Throwing       | |  2.2

Action                     |  1- 3 |  4- 6 |  7- 9 | 10-12 || total
---------------------------+-------+-------+-------+-------++-------
  Melee: Flail             |    18 |    17 |       |       ||    35
         Headbutt          |     5 |     7 |    16 |    78 ||   106
         Punch             |     1 |       |       |       ||     1
         Quarterstaff      |       |    14 |    68 |   295 ||   377
  Throw: Throwing net      |     3 |       |       |     1 ||     4
 Invoke: Potion Petition   |       |       |     1 |     1 ||     2
    Use: Potion            |       |     1 |     3 |       ||     4
   Stab: Held in net/web   |       |       |       |     3 ||     3
         Distracted        |       |       |       |     1 ||     1
 Armour: Leather armour    |     3 |     1 |       |       ||     4
         Plate armour      |       |    10 |    18 |    37 ||    65
  Dodge: Dodged            |     8 |    12 |     8 |    32 ||    60

Table legend: (Time is in decaauts)
 A = Elapsed time spent in this place.
 B = Non-inter-level travel time spent in this place.
 C = Inter-level travel time spent in this place.
 D = Time resting spent in this place.
 E = Time spent auto-exploring this place.
 F = Levels seen in this place.
 G = Mean time per level.
                   A        B        C        D        E       F      G
               +--------+--------+--------+--------+--------+-----+--------+
         Total |   1878 |   1878 |      0 |   1118 |      0 |   1 | 1878.0 |
       Dungeon |   1878 |   1878 |      0 |   1118 |      0 |   1 | 1878.0 |
               +--------+--------+--------+--------+--------+-----+--------+

Top non-repeatable levels by time:
       D: 1878 daAuts
